 Dungeon Crawl Stone Soup version 0.25-a0-829-g4e6a552925 (webtiles) character file.

Game seed: 1231637450896135945, levelgen mode: deterministic

172 DavidChitty2 the Chopper (level 5, -7/47 HPs)
             Began as a Hill Orc Fighter on Apr 21, 2020.
             Was an Initiate of Beogh.
             Killed from afar by a dream sheep (34 damage)
             ... with an exploding inner flame
             ... on level 3 of the Dungeon.
             The game lasted 00:02:58 (2663 turns).

DavidChitty2 the Chopper (Hill Orc Fighter)         Turns: 2663, Time: 00:02:59

Health: -7/47      AC: 10    Str: 20    XL:     5   Next: 52%
Magic:  5/5        EV:  5    Int:  8    God:    Beogh [......]
Gold:   219        SH:  9    Dex: 10    Spells: 4/4 levels left

rFire    . . .     SeeInvis .   a - +0 war axe
rCold    . . .     Gourm    .   c - +0 kite shield
rNeg     . . .     Faith    .   n - +0 chain mail (curse)
rPois    .         Spirit   .   (no helmet)
rElec    .         Reflect  .   o - +0 cloak
rCorr    .         Harm     .   (no gloves)
MR       .....                  (no boots)
Stlth    ..........             (no amulet)
HPRegen  0.15/turn              (no ring)
MPRegen  0.09/turn              (no ring)

@: no status effects
A: no striking features
a: Renounce Religion


You were on level 3 of the Dungeon.
You worshipped Beogh.
Beogh was noncommittal.
You were not hungry.

You visited 1 branch of the dungeon, and saw 3 of its levels.

You collected 219 gold pieces.

Inventory:

Hand Weapons
 a - a +0 war axe (weapon)
Missiles
 s - a throwing net (quivered) {!f}
Armour
 c - a +0 kite shield (worn)
 n - a cursed +0 chain mail (worn)
   (You found it on level 3 of the Dungeon)
 o - a +0 cloak (worn)
   (You found it on level 3 of the Dungeon)
Scrolls
 b - a scroll of fog {unknown}
 f - 2 scrolls of immolation {unknown}
 g - 6 scrolls of identify {unknown}
 i - 2 scrolls of teleportation {unknown}
 j - a scroll of amnesia {unknown}
 k - 2 scrolls of enchant weapon {unknown}
 m - 2 scrolls of remove curse {unknown}
 q - a scroll of magic mapping {unknown}
 r - a scroll of random uselessness {unknown}
Potions
 d - a potion of might
 h - a potion of curing {@q1}
 p - a potion of resistance {unknown}
Comestibles
 e - 6 rations {!d}
 l - a chunk of flesh


   Skills:
 + Level 4.5 Fighting
 * Level 5.0 Axes
 + Level 4.0 Armour
 + Level 4.1 Shields
 + Level 1.1 Invocations


You had 4 spell levels left.
You didn't know any spells.
Your spell library was empty.

Dungeon Overview and Level Annotations

Branches:
Dungeon (3/15)

Altars:
Hepliaklqana
Makhleb
Uskayaw
Xom
The Shining One

Annotations:
D:3 2 transporters


Message History

You see here a rat skeleton. x2
A kobold comes into view. It is wielding a +0 dagger.
The kobold shouts!
A kobold is nearby!
A kobold is nearby!
You slash the kobold!
You kill the kobold!
Beogh accepts your kill.
No target in view!
No target in view!
Things that are here:
a +0 dagger; a kobold corpse You open the door.
Some of the chunks of flesh in your inventory have rotted away.
There is an open door here.
Some of the chunks of flesh in your inventory have rotted away.
You open the door.
The walls suddenly crumble! 5 dream sheep come into view.
A dream sheep catches fire!
A frightened dream sheep leaps away.
A dream sheep catches fire!
A frightened dream sheep leaps away.
A dream sheep catches fire!
The dream sheep is struck with panic!
A dream sheep catches fire!
The dream sheep bleats in terror.
A dream sheep catches fire!
The dream sheep bleats in terror.
You hear mad divine giggling.
Found a shimmering altar of Xom.
There are monsters nearby!
There are monsters nearby!
There are monsters nearby!
The dream sheep burns! x5
The dream sheep bleats! x3
You hit the dream sheep but do no damage.
Your attack snaps the dream sheep out of its fear.
You hit the dream sheep.
Flame seeps out of the dream sheep.
Your attack snaps the dream sheep out of its fear.
The dream sheep burns! x10; The dream sheep bites you.
The dream sheep is engulfed in blazing flames.
The dream sheep explodes!
The fiery explosion engulfs you!
The fiery explosion engulfs the dream sheep!!!
The dream sheep explodes!
The fiery explosion engulfs the dream sheep!!!
The dream sheep explodes!
The fiery explosion engulfs you!!
Ouch! That really hurt!
You die...

#..÷..#.###.#.##.#####
#####.#.#...#.##......
#.............########
#..).......#####....##
######............##....##
#........Y..Y..##.##....##
#.###....§§§....#)##....## #.#
#....§§§§...#.##....## ######.#
##...@○§§..<#(##.....#
#......####....§§§...(.##.....#
#.##......#............####....
#.#..........###.......# #....#
###.#........#...........#
#.####
#............############# #.#
######........##### #.####
#...###.#.....### #####.....
##.####..#..##.#.. ...........


You could see 2 dream sheep.

Vanquished Creatures
  4 gnolls (D:3)
  5 adders
  An ooze (D:3)
  4 worms
  4 leopard geckos
  3 orcs (D:3)
  10 bats
  4 giant cockroaches
  5 goblins
  6 hobgoblins
  A quokka (D:2)
  2 frilled lizards
  13 kobolds
  5 rats
67 creatures vanquished.

Vanquished Creatures (others)
  An orc priest (D:3)
  2 shadow imps (D:3)
  2 orcs (D:3)
5 creatures vanquished.

Grand Total: 72 creatures vanquished

Notes
Turn   | Place    | Note
-------+----------+-------------------------------------------
     0 | D:1      | DavidChitty2 the Hill Orc Fighter began the quest for the
                  | Orb.
     0 | D:1      | Reached XP level 1. HP: 19/19 MP: 1/1
   284 | D:1      | Reached skill level 3 in Axes
   382 | D:1      | Reached XP level 2. HP: 24/27 MP: 2/2
  1056 | D:2      | Reached XP level 3. HP: 33/33 MP: 3/3
  1237 | D:2      | Found a faded altar of an unknown god.
  1346 | D:2      | Reached skill level 4 in Axes
  1451 | D:2      | Reached XP level 4. HP: 40/40 MP: 4/4
  1481 | D:2      | You fall into a shaft and drop 1 floor!
  1622 | D:3      | Found a transporter.
  1709 | D:3      | Found a transporter.
  1721 | D:3      | Became a worshipper of Beogh the Brigand
  1797 | D:3      | Found a burning altar of Makhleb.
  1797 | D:3      | Found a glowing golden altar of the Shining One.
  1798 | D:3      | Found a hide-covered altar of Uskayaw.
  1891 | D:3      | Found a glowing golden altar of the Shining One.
  1917 | D:2      | Reached XP level 5. HP: 40/47 MP: 5/5
  2114 | D:2      | Found a hazy altar of Hepliaklqana.
  2409 | D:3      | Reached skill level 1 in Invocations
  2412 | D:3      | Reached skill level 5 in Axes
  2661 | D:3      | Noticed a dream sheep
  2661 | D:3      | Noticed a dream sheep
  2661 | D:3      | Noticed a dream sheep
  2661 | D:3      | Noticed a dream sheep
  2661 | D:3      | Noticed a dream sheep
  2661 | D:3      | Found a shimmering altar of Xom.
  2663 | D:3      | Killed a dream sheep
  2663 | D:3      | Killed a dream sheep
  2663 | D:3      | Killed a dream sheep
  2663 | D:3      | Killed from afar by a dream sheep

Levels and vault maps discovered:
D:1:      minmay_arrival_doors, layout_basic, corexii_leaking_fountain,
          minivault_4
D:2:      layout_loops_cross, lemuel_crystal_altar, first_ration,
          chequers_ecumenical_altar_simple, minmay_tromino_v4_a
D:3:      gammafunk_wand_slinger, layout_basic, kb_xom_exploding_sheep,
          gammafunk_temple_overflow_claw, chequers_serial_rivers_micro_c,
          tso_metal_star

Skill      XL: |  1  2  3  4  5 |
---------------+----------------+-----
Axes           | 3 4 5 |  5.0
Fighting       | 4 |  4.5
Shields        | 4 |  4.1
Armour         | 4 |  4.0
Invocations    | 1 |  1.1

Action                   |  1- 3 |  4- 6 || total
-------------------------+-------+-------++-------
Melee: War axe           |   133 |   129 ||   262
Invok: Convert to Beogh  |       |     1 ||     1
  Use: Potion            |       |     1 ||     1
  Eat: Chunk             |     2 |     4 ||     6
Armor: Scale mail        |    65 |     2 ||    67
       Chain mail        |       |    78 ||    78
Dodge: Dodged            |    39 |    40 ||    79
Block: Kite shield       |    94 |    95 ||   189

Table legend:
 A = Non-vault XP
 B = Vault XP
 C = Vault XP percentage of total XP
 D = Non-vault monster count
 E = Vault monster count
 F = Vault count percentage of total count
                 A         B        C        D         E       F
            +---------+---------+-------+---------+---------+-------
      Total |     242 |       4 |   1.6 |      65 |       2 |   3.0
            +---------+---------+-------+---------+---------+-------
        D:1 |      23 |       0 |   0.0 |      13 |       0 |   0.0
        D:2 |      91 |       4 |   4.2 |      21 |       2 |   8.7
        D:3 |     128 |       0 |   0.0 |      31 |       0 |   0.0
            +---------+---------+-------+---------+---------+-------
